 Dungeon Crawl Stone Soup version 0.27.1-34-g3ba077fa99 (webtiles) character file.

Game seed: 7482102099682664779

1512 boopmooplesden the Chopper (level 8, -7/70 HPs)
             Began as a Green Draconian Berserker on Jan 21, 2022.
             Was a Priest of Trog.
             Mangled by a hornet zombie (11 damage)
             ... on level 7 of the Dungeon.
             The game lasted 00:06:40 (7256 turns).

boopmooplesden the Chopper (DrBe)                   Turns: 7256, Time: 00:06:40

Health: -7/70      AC:  7    Str: 21    XL:     8   Next: 53%
Magic:  8/8        EV: 13    Int: 14    God:    Trog [***...]
Gold:   387        SH:  0    Dex: 11    Spells: 7/7 levels left

rFire    . . .     SeeInvis .   a - +0 hand axe
rCold    . . .     Faith    .   (no shield)
rNeg     . . .     Spirit   .   (armour unavailable)
rPois    +         Reflect  .   (helmet restricted)
rElec    .         Harm     .   (no cloak)
rCorr    .         Rampage  .   f - +0 pair of gloves
Will     .....                  (no boots)
Stlth    ++........             (no amulet)
HPRegen  0.21/turn              g - ring of flight
MPRegen  0.11/turn              o - +6 ring of intelligence

@: flying
A: breathe noxious fumes, AC +6, unfitting armour, poison resistance,
cold-blooded
a: Breathe Noxious Fumes, Renounce Religion, Berserk, Trog's Hand


You were on level 7 of the Dungeon.
You worshipped Trog.
Trog was most pleased with you.
You visited 1 branch of the dungeon, and saw 7 of its levels.

You collected 387 gold pieces.

Inventory:

Hand Weapons
 a - a +0 hand axe (weapon)
 j - a +4 whip
 n - a +2 rapier of speed
Missiles
 k - 4 boomerangs (quivered)
Armour
 f - a +0 pair of gloves (worn)
Jewellery
 c - an amulet of magic regeneration
 g - a ring of flight (left hand)
 o - a +6 ring of intelligence (right hand)
 t - a ring of protection from fire
Scrolls
 e - a scroll of teleportation
 l - 2 scrolls of identify
 q - a scroll of amnesia {unknown}
 r - 2 scrolls of fear {unknown}
 u - a scroll of blinking
Potions
 b - a potion of flight {unknown}
 d - 2 potions of degeneration
 h - a potion of brilliance {unknown}
 i - a potion of lignification {unknown}
 m - 2 potions of might {unknown}
 p - 3 potions of curing {unknown}
 s - a potion of mutation {unknown}


   Skills:
 + Level 6.0 Fighting
 + Level 7.7 Axes
 + Level 5.6 Dodging
 + Level 3.3 Stealth


You had 7 spell levels left.
You didn't know any spells.
Your spell library was empty.

Dungeon Overview and Level Annotations

Branches:
Dungeon (7/15)             Temple (0/1) D:6

Altars:
Dithmenos
Nemelex Xobeh

Annotations:
D:5 2 transporters, cbfl8's ghost, weakling MiDe


Innate Abilities, Weirdness & Mutations

You can breathe blasts of noxious fumes.
Your lurid green scales are hard. (AC +6)
You cannot fit into any form of body armour.
Your system is resistant to poisons. (rPois)
You are cold-blooded and may be slowed by cold attacks.


Message History

The hornet zombie is severely damaged.
The hornet zombie hits you.
You hit the hornet zombie.
The hornet zombie is almost destroyed.
The hornet zombie closely misses you.
You barely miss the hornet zombie.
The hornet zombie is almost destroyed.
The hornet zombie hits you but does no damage.
You closely miss the hornet zombie.
The hornet zombie is almost destroyed.
The hornet zombie hits you! The hornet zombie hits you.
You hit the hornet zombie but do no damage.
Your tail-slap misses the hornet zombie.
The hornet zombie is almost destroyed.
The hornet zombie hits you.
You hit the hornet zombie.
The hornet zombie is almost destroyed.
The hornet zombie misses you.
You closely miss the hornet zombie.
The hornet zombie is almost destroyed.
The hornet zombie completely misses you.
You barely miss the hornet zombie.
The hornet zombie is almost destroyed.
The hornet zombie hits you but does no damage.
You closely miss the hornet zombie. You tail-slap the hornet zombie.
The hornet zombie is almost destroyed.
The hornet zombie hits you but does no damage.
The hornet zombie hits you!
* * * LOW HITPOINT WARNING * * *
You barely miss the hornet zombie.
The hornet zombie is almost destroyed.
The hornet zombie hits you!
* * * LOW HITPOINT WARNING * * *
You barely miss the hornet zombie.
The hornet zombie is almost destroyed.
The hornet zombie barely misses you.
You hit the hornet zombie.
The hornet zombie is almost destroyed.
The hornet zombie hits you!
You die...

#.. .......+ #.. ......#
.. #.. .....# . #.. #..
#...# ..
..#+####..####...####...
..#........#............
..#........#............
..#........'...Z@.......
..#........#............
..#........#.....(......
..#........#............
..#........#............
..######'####+#######...
................ +##
................
................


You could see a hornet zombie.

Vanquished Creatures
  Menkaure (D:5)
  A water moccasin (D:6)
  A hornet zombie (D:5)
  A necrophage (D:4)
  A black bear (D:5)
  3 sky beasts
  An ice beast (D:6)
  A kobold brigand (D:6)
  A scorpion (D:5)
  A water moccasin skeleton (D:6)
  3 hounds
  4 jellies
  A bullfrog skeleton (D:4)
  3 orc priests
  An orc wizard (D:5)
  A howler monkey zombie (D:6)
  5 adders
  2 ufetubi
  An adder skeleton (D:4)
  2 dart slugs
  11 orcs
  8 endoplasms
  2 giant cockroaches (D:1)
  3 goblins
  3 hobgoblins
  A quokka (D:4)
  7 ball pythons
  5 bats
  4 frilled lizards
  11 kobolds
  6 rats
96 creatures vanquished.

Notes
Turn   | Place    | Note
-------+----------+-------------------------------------------
     0 | D:1      | boopmooplesden the Draconian Berserker began the quest for
                  | the Orb.
     0 | D:1      | Reached XP level 1. HP: 19/19 MP: 1/1
   480 | D:1      | Reached XP level 2. HP: 26/26 MP: 2/2
  1078 | D:2      | Reached XP level 3. HP: 33/33 MP: 3/3
  1362 | D:2      | Found a shadowy altar of Dithmenos.
  1722 | D:3      | Noticed a sky beast
  1737 | D:3      | Killed a sky beast
  1737 | D:3      | Reached ** piety under Trog
  1738 | D:3      | Reached skill level 4 in Axes
  1738 | D:3      | Reached XP level 4. HP: 21/40 MP: 4/4
  1824 | D:3      | Reached XP level 5. HP: 28/46 MP: 5/5
  2477 | D:3      | Reached skill level 5 in Axes
  2477 | D:3      | Reached skill level 1 in Stealth
  2696 | D:3      | Found a sparkling altar of Nemelex Xobeh.
  2874 | D:4      | Reached XP level 6. HP: 11/53 MP: 6/6
  4233 | D:4      | Your scales start taking on a lurid green colour.
  4233 | D:4      | Reached XP level 7. HP: 60/60 MP: 7/7
  4233 | D:4      | Gained mutation: Your system is resistant to poisons.
                  | (rPois) [Green Draconian growth]
  4356 | D:5      | Entered Level 5 of the Dungeon
  4364 | D:5      | Found a transporter.
  4382 | D:5      | Reached skill level 5 in Fighting
  4382 | D:5      | Reached skill level 6 in Axes
  4533 | D:5      | Noticed Menkaure
  4542 | D:5      | Killed Menkaure
  5162 | D:5      | Found a transporter.
  5167 | D:5      | Noticed cbfl8's ghost (weakling MiDe)
  5661 | D:6      | Reached *** piety under Trog
  5662 | D:6      | Reached skill level 7 in Axes
  5662 | D:6      | Reached XP level 8. HP: 69/69 MP: 8/8
  5815 | D:6      | Reached skill level 5 in Dodging
  6838 | D:6      | Found a staircase to the Ecumenical Temple.
  7256 | D:7      | Mangled by a hornet zombie

Illustrated notes

Levels and vault maps discovered:
D:1:      lightli_arrival_chessboard, layout_loops_ring
D:2:      minmay_wonky_spiral, layout_rooms, basic_altar,
          minmay_misc_feat_square
D:3:      layout_loops_ring, nemelex_dance_club_becter,
          chequers_serial_rivers_micro_d
D:4:      layout_loops_ring, patterned_corridor
D:5:      layout_loops_ring, gammafunk_ghost_stat_death, uniq_menkaure
D:6:      layout_basic, minmay_temple_entry_statues_fountains
D:7:      layout_gridville, serial_shops, nicolae_shop_trees, st_stairs_14

Skill      XL: |  1  2  3  4  5  6  7  8 |
---------------+-------------------------+-----
Dodging        | 3 4 5 |  5.6
Fighting       | 4 5 6 |  6.0
Axes           | 4 5 7 |  7.7
Stealth        | 1 2 3 |  3.3

Action                   |  1- 3 |  4- 6 |  7- 9 || total
-------------------------+-------+-------+-------++-------
Melee: Hand axe          |    78 |   121 |   203 ||   402
       Tailslap          |     8 |    11 |    37 ||    56
Invok: Berserk           |     1 |     2 |     4 ||     7
 Abil: Breathe Noxious F |       |       |     1 ||     1
  Use: Scroll            |       |     5 |       ||     5
 Stab: Sleeping          |     1 |     6 |     1 ||     8
Armor: Skin              |    34 |    43 |    68 ||   145
Dodge: Dodged            |    58 |    73 |   118 ||   249
